 Dungeon Crawl Stone Soup version 0.14-a0-1761-gdbd231b (webtiles) character file.

202 Psiweapon the Vexing (level 5, -1/35 HPs)
             Began as a Vampire Enchanter on Jan 4, 2014.
             Slain by an adder (5 damage)
             ... in a sewer.
             The game lasted 00:09:54 (2429 turns).

Psiweapon the Vexing (Vampire Enchanter)            Turns: 2429, Time: 00:09:54

HP  -1/35        AC  3     Str  8      XL: 5   Next: 25%
MP   1/9         EV 12     Int 17      God:
Gold 33          SH  0     Dex 14      Spells:  3 memorised,  1 level left

rFire  . . .     SeeInvis +     a - +1 dagger
rCold  + . .     Clarity  .     b - +1 robe
rNeg   + + .     Conserve .     (no shield)
rPois  +         rCorr    .     (no helmet)
rElec  .         rRot     +     (no cloak)
SustAb . .       Spirit   .     (no gloves)
rMut   .         Warding  .     (no boots)
Saprov . . .     Stasis   .     (no amulet)
                                (no ring)
                                (no ring)

@: regenerating slowly, mildly poisoned, very slightly contaminated, slightly
resistant to hostile enchantments, fairly stealthy
A: fangs 3, see invisible, unbreathing
a: Bat Form


You were in a sewer.
You were very thirsty.

You visited 1 branch of the dungeon, and saw 3 of its levels.
You also visited: Sewer.

You collected 33 gold pieces.

Inventory:

Hand weapons
 a - a +1,+1 dagger (weapon)
 f - a +0,+0 short sword
 o - a +0,+1 dwarven dagger
Missiles
 d - 12 darts (quivered)
Armour
 b - a +1 robe (worn)
Scrolls
 h - 2 scrolls of curse weapon {unknown}
 i - a scroll of fear {unknown}
 k - a scroll of teleportation {unknown}
 l - a scroll of enchant weapon I {unknown}
 m - 2 scrolls of remove curse {unknown}
Potions
 e - a potion of coagulated blood
 g - a potion of invisibility {unknown}
 j - 2 potions of heal wounds {unknown}
 n - a potion of lignification {unknown}
Books
 c - a book of Maledictions

   Spells                             Type                      Level
   *Corona                            Hexes                        1
   Sure Blade                         Hexes/Charms                 2
   *Ensorcelled Hibernation           Hexes/Ice                    2
   Confuse                            Hexes                        3
   *Enslavement                       Hexes                        4
   Invisibility                       Hexes                        6


   Skills:
 + Level 2.9 Short Blades
 - Level 2.0 Throwing
 - Level 2.1 Dodging
 + Level 5.0 Stealth
 - Level 2.0 Spellcasting
 + Level 5.8 Hexes


You had one spell level left.
You knew the following spells:

 Your Spells              Type           Power        Failure   Level  Hunger
a - Corona                Hex            ###....      1%          1    #......
b - Ensorcelled Hibernat  Hex/Ice        ##....       12%         2    ###....
c - Enslavement           Hex            ###.....     21%         4    #####..


Dungeon Overview and Level Annotations

Branches:
Dungeon (3/16)

Altars:
Xom

Annotations:
D:2 Sigmund
D:3 exclusion: upstairs, Nicoed's ghost, weakling HuFi


Innate Abilities, Weirdness & Mutations

You heal slowly.
You have razor-sharp teeth.*
You have supernaturally acute eyesight.
You can survive without breathing.*


Message History

* * * LOW HITPOINT WARNING * * *
Your unstable footing causes you to fumble your attack.
The adder bites you.
* * * LOW HITPOINT WARNING * * *
The rat bites you but does no damage. The adder bites you.
* * * LOW HITPOINT WARNING * * *
You barely miss the adder. Your bite misses the adder.
The adder is heavily wounded.
The rat bites you but does no damage. The adder misses you.
You barely miss the adder.
The adder is heavily wounded.
The adder bites you but does no damage.
You hit the adder. Your bite misses the adder.
The adder is heavily wounded.
The adder barely misses you.
You barely miss the adder.
The adder is heavily wounded.
The rat bites you but does no damage. The grey rat closely misses you.
The adder bites you.
You die...

#≈≈≈≈≈≈#
#≈≈≈≈
#≈≈≈≈≈≈#
#≈≈≈≈
#≈≈≈≈≈≈#
#≈≈≈≈
#≈≈≈≈≈≈#
#≈≈≈≈
#≈≈≈≈≈≈#
#≈≈≈≈
#≈≈≈≈≈≈#
#≈≈≈%
#r%≈≈≈≈#
#≈≈≈≈
#rS≈≈≈≈#
#≈≈≈≈
#r@≈≈≈≈#
#≈≈≈≈
#≈≈≈≈≈≈#
#≈≈≈≈
#≈≈≈≈≈≈#
#≈≈≈≈
#≈≈≈≈≈≈#
#≈≈≈≈
#≈≈≈≈≈≈#
#≈≈≈≈
#≈≈≈≈≈≈#
#≈≈≈≈
#≈≈≈≈≈≈#
#≈≈≈≈
#..≈...#
#≈...
#......##
##....


You could see an adder, a grey rat and 2 rats.

Vanquished Creatures
  9 adders
  3 giant centipedes (D:3)
  3 giant geckos (D:2)
  2 giant cockroaches
  6 grey rats (Sewer)
  8 hobgoblins
  3 jackals (D:2)
  A quokka (D:2)
  2 ball pythons
  5 bats
  2 giant newts (D:1)
  4 goblins
  2 kobolds (D:1)
  10 rats
60 creatures vanquished.

Notes
Turn   | Place    | Note
--------------------------------------------------------------
     0 | D:1      | Psiweapon, the Vampire Enchanter, began the quest for the Orb.
     0 | D:1      | Reached XP level 1. HP: 13/13 MP: 3/3
    48 | D:1      | Reached skill level 1 in Throwing
    86 | D:1      | Found a shimmering altar of Xom.
   130 | D:1      | Reached XP level 2. HP: 10/19 MP: 4/4
   996 | D:1      | Learned a level 2 spell: Ensorcelled Hibernation
  1039 | D:2      | Reached XP level 3. HP: 24/24 MP: 6/6
  1543 | D:2      | Reached skill level 5 in Hexes
  1788 | D:2      | Reached XP level 4. HP: 30/30 MP: 7/7
  1807 | D:2      | Learned a level 4 spell: Enslavement
  1924 | D:2      | Noticed Sigmund
  1929 | D:3      | Found a glowing drain.
  2024 | D:3      | Noticed Nicoed's ghost (weakling HuFi)
  2028 | Sewer    | Entered a sewer
  2096 | Sewer    | Reached XP level 5. HP: 25/35 MP: 6/9
  2339 | Sewer    | Reached skill level 5 in Stealth
  2429 | Sewer    | Slain by an adder

Action                   |  1- 3 |  4- 6 || total
-------------------------+-------+-------++-------
Melee: Dagger            |    94 |    97 ||   191
       Short sword       |     3 |    13 ||    16
 Cast: Ensorcelled Hiber |    10 |    21 ||    31
 Stab: Sleeping          |    17 |    14 ||    31
